 Dungeon Crawl Stone Soup version 0.23-a0-480-g1869896531 (webtiles) character file.

125 Rrauwl the Shield-Bearer (level 5, -2/46 HPs)
             Began as a Hill Orc Fighter on Nov 29, 2018.
             Killed from afar by a white imp (8 damage)
             ... with a puff of frost
             ... summoned by Natasha
             ... on level 2 of the Dungeon.
             The game lasted 00:02:46 (1142 turns).

Rrauwl the Shield-Bearer (Hill Orc Fighter)         Turns: 1142, Time: 00:02:47

Health: -2/46      AC:  7    Str: 20    XL:     5   Next: 9%
Magic:  5/5        EV:  8    Int:  8    God:
Gold:   16         SH:  9    Dex: 10    Spells: 4/4 levels left

rFire    . . .     SeeInvis .   a - +0 war axe
rCold    . . .     Gourm    .   d - +0 shield
rNeg     . . .     Faith    .   b - +0 scale mail
rPois    .         Spirit   .   (no helmet)
rElec    .         Reflect  .   (no cloak)
rCorr    .         Harm     .   (no gloves)
MR       .....                  (no boots)
Stlth    ..........             (no amulet)
HPRegen  0.15/turn              (no ring)
MPRegen  0.09/turn              (no ring)

@: very slightly contaminated, slowed, very slow
A: no striking features
a: no special abilities


You were on level 2 of the Dungeon.
You were not hungry.

You visited 1 branch of the dungeon, and saw 2 of its levels.

You collected 16 gold pieces.

Inventory:

Hand Weapons
 a - a +0 war axe (weapon)
 c - a +0 flail
Armour
 b - a +0 scale mail (worn)
 d - a +0 shield (worn)
Scrolls
 e - 3 scrolls of identify {unknown}
 h - a scroll of blinking {unknown}
 j - a scroll of remove curse {unknown}
 k - a scroll of amnesia {unknown}
Comestibles
 f - 2 rations


   Skills:
 - Level 4.0 Fighting
 + Level 4.0 Axes
 - Level 4.0 Armour
 + Level 1.6 Dodging
 + Level 4.1 Shields


You had 4 spell levels left.
You didn't know any spells.
Your spell library was empty.

Dungeon Overview and Level Annotations

Branches:
Dungeon (2/15)

Altars:
Ru
Sif Muna

Annotations:
D:2 Natasha


Message History

* * * LOW HITPOINT WARNING * * *
You are too injured to fight recklessly!
Unknown command.
You hit Natasha but do no damage.
Your shield prevents you from hitting the white imp.
Natasha claws you but does no damage. You block the white imp's attack.
Natasha claws you.
* * * LOW HITPOINT WARNING * * *
You block the white imp's attack.
Unknown command.
Unknown command.
You aren't carrying any potions.
You aren't carrying any items that you can evoke.
You closely miss Natasha.
Your shield and scale mail prevent you from hitting the white imp.
Natasha growls.
Natasha claws you but does no damage. The white imp gestures at you.
The puff of frost hits you!
You die...

#................#.......#...#
#...........###..#...#...#...#
#.########..# #..###≈#≈###...#
###.# #..# ##.....#..)..#.#
.<..### #.># #...#.#_#[..#.#
#.....######..####...#####...#.#
#.............)..#...#.# #...#.#
.................#.....# ....#.#
#....÷.#####..##@5.###≈#≈###...#
#......# #..##h..# .#. #...
....##.#####..#....# . ...#
###.#.#.##....##..## .. #..#
#..###...(..###.. ..
#.#.#.##.#### #..# #.##.##...#
##.. ###.##....#... ..#
.##.####.......


You could see Natasha and a white imp.

Vanquished Creatures
  An orc wizard (D:2)
  Natasha (twice) (D:2)
  3 dart slugs (D:1)
  3 orcs (D:2)
  4 bats (D:1)
  2 giant cockroaches (D:2)
  3 hobgoblins (D:1)
  A ball python (D:2)
  3 frilled lizards
  8 goblins
  6 kobolds
  7 rats
43 creatures vanquished.

Vanquished Creatures (others)
  4 fungi (D:2)
  6 toadstools (D:2)
10 creatures vanquished.

Grand Total: 53 creatures vanquished

Notes
Turn   | Place    | Note
-------+----------+-------------------------------------------
     0 | D:1      | Rrauwl the Hill Orc Fighter began the quest for the Orb.
     0 | D:1      | Reached XP level 1. HP: 19/19 MP: 1/1
    47 | D:1      | Reached XP level 2. HP: 25/27 MP: 2/2
   301 | D:1      | Reached XP level 3. HP: 31/33 MP: 3/3
   660 | D:2      | Noticed Natasha
   663 | D:2      | Killed Natasha
   663 | D:2      | Reached skill level 1 in Dodging
   691 | D:2      | Noticed Natasha
   703 | D:2      | Killed Natasha
   703 | D:2      | Reached XP level 4. HP: 39/40 MP: 4/4
   737 | D:2      | Found a deep blue altar of Sif Muna.
   789 | D:2      | Found a sacrificial altar of Ru.
   811 | D:2      | Reached XP level 5. HP: 5/46 MP: 5/5
  1132 | D:2      | Noticed Natasha
  1142 | D:2      | Killed from afar by a white imp

Vault maps used:
D:1:      eino_arrival_cavern_a
D:2:      cheibrodos_helix_gallery, old_standard_altar, old_standard_altar,
          minmay_gold_behind_fungi, hangedman_ru_absence, uniq_robin,
          uniq_natasha

Skill      XL: |  1  2  3  4 |
---------------+-------------+-----
Axes           | 3 4 |  4.0
Fighting       | 4 |  4.0
Dodging        | 1 |  1.6
Armour         | 4 |  4.0
Shields        | 4 |  4.1

Action                   |  1- 3 |  4- 6 || total
-------------------------+-------+-------++-------
Melee: War axe           |    75 |    44 ||   119
  Use: Potion            |       |     4 ||     4
  Eat: Chunk             |       |     1 ||     1
Armor: Scale mail        |    31 |    23 ||    54
Dodge: Dodged            |    19 |    12 ||    31
Block: Shield            |    35 |    16 ||    51

Table legend:
 A = Non-vault XP
 B = Vault XP
 C = Vault XP percentage of total XP
 D = Non-vault monster count
 E = Vault monster count
 F = Vault count percentage of total count
                 A         B        C        D         E       F
            +---------+---------+-------+---------+---------+-------
      Total |     141 |      38 |  21.2 |      40 |       3 |   7.0
            +---------+---------+-------+---------+---------+-------
        D:1 |      39 |       0 |   0.0 |      24 |       0 |   0.0
        D:2 |     102 |      38 |  27.1 |      16 |       3 |  15.8
            +---------+---------+-------+---------+---------+-------
